 Dungeon Crawl Stone Soup version 0.22.0-1-g6561e4c (webtiles) character file.

138984 Gorglomux the Warrior (level 17, -4/171 HPs)
             Began as a Naga Berserker on Aug 12, 2018.
             Was a High Priest of Trog.
             Shot with an arrow by a naga sharpshooter (8 damage)
             ... on level 4 of the Snake Pit.
             The game lasted 00:25:52 (33445 turns).

Gorglomux the Warrior (Naga Berserker)             Turns: 33445, Time: 00:25:52

Health: -4/171     AC: 29    Str: 25    XL:     17   Next: 27%
Magic:  8/8        EV:  6    Int:  4    God:    Trog [*****.]
Gold:   355        SH: 14    Dex: 17    Spells: 16/16 levels left

rFire    . . .     SeeInvis +   b - +7 war axe (antimagic) {god gift}
rCold    + . .     Gourm    .   K - +2 shield
rNeg     + . .     Faith    .   u - +0 plate armour
rPois    +         Spirit   .   L - +0 helmet
rElec    +         Reflect  .   G - +0 cloak
rCorr    +         Harm     .   B - +2 pair of gloves
MR       +++++     Clarity  +   z - +0 naga barding of Jigsaw {rElec rCorr}
Stlth    ..........             o - amulet of the Four Winds {rN+ MR+++ Clar}
HPRegen  1.38/turn              F - ring "Usharr" {rElec rC+ EV+2 Int-4 Dex+5}
MPRegen  0.11/turn              m - ring of protection from magic

@: lethally poisoned (-4 -> -4), berserk cooldown, regenerating, slowed, very
slow
A: large, see invisible, deformed body, poison resistance, slowness 2, slow
metabolism 1, spit poison 1, constrict 1, AC +5
a: Spit Poison, Berserk, Trog's Hand, Brothers in Arms, Renounce Religion


You were on level 4 of the Snake Pit.
You worshipped Trog.
Trog was extremely pleased with you.
You were hungry.

You visited 4 branches of the dungeon, and saw 27 of its levels.

You collected 2180 gold pieces.
You spent 1825 gold pieces at shops.

Inventory:

Hand Weapons
 a - a +0 mace
 b - a +7 antimagic war axe (weapon) {god gift}
 x - a +0 broad axe of flaming
Missiles
 Z - 3 throwing nets (quivered)
Armour
 u - a +0 plate armour (worn)
 z - the +0 naga barding of Jigsaw (worn) {rElec rCorr}
   (You acquired it on level 6 of the Lair of Beasts)

   It insulates you from electricity.
   It provides partial protection from all sources of acid and corrosion.
 B - a +2 pair of gloves (worn)
 G - a +0 cloak (worn)
 K - a +2 shield (worn)
 L - a +0 helmet (worn)
Jewellery
 g - an uncursed ring of resist corrosion
 l - an uncursed ring of flight
 m - a ring of protection from magic (right hand)
 o - the amulet of the Four Winds (around neck) {rN+ MR+++ Clar}
   (You bought it in a shop on level 14 of the Dungeon)

   [amulet of nothing]

   It protects you from negative energy.
   It affects your resistance to hostile enchantments.
   It protects you against confusion.
 F - the ring "Usharr" (left hand) {rElec rC+ EV+2 Int-4 Dex+5}
   (You found it on level 4 of the Lair of Beasts)

   [ring of evasion]

   It affects your evasion (+2).
   It affects your intelligence (-4).
   It affects your dexterity (+5).
   It protects you from cold.
   It insulates you from electricity.
Wands
 A - a wand of acid (10)
 D - a wand of digging (13)
 I - a wand of iceblast (9)
 P - a wand of paralysis (42)
Scrolls
 p - a scroll of summoning
 q - 4 scrolls of blinking
 s - 15 scrolls of remove curse
 v - a scroll of immolation
 w - 5 scrolls of amnesia
 M - a scroll of magic mapping
 O - 5 scrolls of enchant weapon
 R - 3 scrolls of identify
 T - 11 scrolls of teleportation
 V - 4 scrolls of enchant armour
 Y - 3 scrolls of torment
Potions
 f - 2 potions of haste
 h - 2 potions of flight
 j - 3 potions of brilliance
 r - 4 potions of lignification
 t - 2 potions of ambrosia {unknown}
 y - 2 potions of cancellation
 C - 3 potions of magic
 E - a potion of resistance {unknown}
 H - 3 potions of agility
 J - 4 potions of might
 Q - 9 potions of curing
 S - 5 potions of heal wounds
 U - 2 potions of mutation {unknown}
Miscellaneous
 W - 2 sacks of spiders
 X - a phial of floods
Comestibles
 c - 21 rations


   Skills:
 + Level 15.6 Fighting
 + Level 15.6 Axes
 + Level 13.2 Armour
 - Level 1.5 Dodging
 - Level 6.0 Stealth
 + Level 8.0 Shields
 - Level 10.0 Evocations


You had 16 spell levels left.
You didn't know any spells.
Your spell library was empty.

Dungeon Overview and Level Annotations

Branches:
Dungeon (15/15)            Temple (0/1) D:4            Lair (6/6) D:10
  Swamp (0/4) Lair:2        Snake (4/4) Lair:2        Slime (0/5) Lair:5
    Orc (2/2) D:12            Elf (0/3) Orc:2        Vaults (0/5) D:14
 Depths (0/5) D:15

Altars:
Elyvilon
Hepliaklqana
Kikubaaqudgha
Nemelex Xobeh
Ru
Trog
Xom
The Shining One
Beogh
Jiyva

Shops:
D:9 ?%%[   D:14 [=   D:15 (   Orc:2 *(%?   Snake:2 =}}[

Annotations:
D:6 2 runed doors, Anothat's ghost, novice MiFi
Lair:2 exclusion: 2 oklob plants
Lair:5 exclusion: 3 oklob plants


Innate Abilities, Weirdness & Mutations

You cannot wear boots.
Your serpentine skin is tough. (AC +5)
You have supernaturally acute eyesight. (SInv)
Armour fits poorly on your strangely shaped body.
Your system is resistant to poisons. (rPois)
You cover ground very slowly.
You have a slow metabolism.
You can spit poison.
You can use your snake-like lower body to constrict enemies.


Message History

The guardian serpent hits you but butts no damage!
The naga sharpshooter unwields an uncursed butt flail!
The naga sharpshooter wields an uncursed longbow!
A naga sharpshooter comes into view! It is butt a longbow!
The naga sharpshooter mumbles some strange words!
The naga sharpshooter magically shoots an arrow!
The arrow hits you!!!!!! * * * don't die
* * * The naga sharpshooter spits poison at you!
You block the splash of poison! The nagaraja spits poison at you!
The splash of butt hits you!!! You resist! * * * don't die
* * * The butt serpent coils itself and waves its upper body at you!
The bolt of poison hits you!!! You resist! * * * don't die
* * * The naga sharpshooter mumbles some strange words!
The naga sharpshooter magically butts an arrow!
The arrow hits butt!!! rip

####
###.φ.###
##.......##
#..NNS.SS.#
#.NSN..NS.#
#NN.S@#
###.### #.
#. # .#


You could see 5 nagarajas, 2 naga sharpshooters and 6 guardian serpents.

Vanquished Creatures
  Nikola (Snake:1)
  Rupert (Snake:1)
  Frances (Snake:1)
  Kirke (D:12)
  2 nagarajas (Snake:4)
  Azrael (Snake:3)
  An ettin (D:15)
  An ogre mage (D:15)
  An ice dragon (D:12)
  5 hydras
  Josephine (D:14)
  12 naga warriors
  4 vault guards (D:14)
  Harold (D:11)
  8 centaur warriors
  An anaconda (Snake:2)
  4 two-headed ogres
  4 catoblepae
  A tengu warrior (D:13)
  3 shock serpents
  8 naga sharpshooters
  7 death yaks (Lair:6)
  A hell knight (D:15)
  4 skeletal warriors (D:15)
  A salamander mystic (Snake:4)
  3 unseen horrors
  A wizard (D:15)
  3 naga ritualists
  A wolf spider zombie (D:13)
  6 orc knights
  6 ugly things
  6 salamanders
  9 mana vipers
  4 manticores
  3 cyclopes
  6 naga magi
  24 black mambas
  5 guardian serpents
  3 elephants (Lair:3)
  10 spiny frogs
  A gargoyle (D:11)
  Maurice (D:12)
  4 yaktaurs (D:15)
  4 komodo dragons
  2 rime drakes
  A kobold demonologist (D:15)
  A tengu conjurer (D:15)
  7 trolls
  3 polar bears (D:12)
  A tyrant leech (Lair:2)
  14 slime creatures
  A hornet (D:9)
  6 hippogriffs
  12 blink frogs
  A shadow (D:13)
  6 wraiths
  2 hogs (D:12)
  2 fire elementals (Snake:3)
  3 wyverns
  46 yaks
  4 vampire mosquitoes (D:14)
  5 basilisks
  11 wargs
  4 steam dragons
  2 hungry ghosts
  Edmund (D:4)
  3 swamp worms (Lair:2)
  38 nagas
  An acid dragon (D:15)
  5 hell hounds (Snake:3)
  A soldier ant (D:14)
  19 water moccasins
  10 porcupines
  34 orc warriors
  6 sky beasts
  A hornet zombie (D:10)
  4 ice beasts
  2 black bears
  An eye of draining (D:12)
  3 phantoms
  24 centaurs
  7 ogres
  16 wolves
  2 necrophages
  7 crocodiles
  4 big kobolds
  18 bullfrogs
  A gnoll sergeant (D:7)
  A scorpion (D:4)
  A water moccasin skeleton (D:9)
  7 wights
  25 killer bees
  4 electric eels (D:12)
  7 crimson imps
  6 howler monkeys
  A quasit (D:10)
  6 centaur zombies
  6 jellies
  4 hounds
  A bullfrog skeleton (D:9)
  5 centaur skeletons
  14 orc priests
  3 iguanas
  19 orc wizards
  12 worker ants
  A killer bee zombie (D:5)
  Robin (D:4)
  A worker ant zombie (D:10)
  16 adders
  7 gnolls
  2 shadow imps
  5 oozes (D:8)
  4 worms
  2 dart slugs (D:1)
  6 leopard geckos
  84 orcs
  7 giant cockroaches
  11 hobgoblins
  8 jackals
  8 quokkas
  7 bats
  3 frilled lizards (D:3)
  A giant cockroach zombie (D:6)
  18 goblins
  25 kobolds
  A leopard gecko zombie (D:5)
  11 rats
  2 fungi (Lair:2)
  4 plants
874 creatures vanquished.

Vanquished Creatures (collateral kills)
  2 hydras (Lair:6)
  A naga sharpshooter (Snake:4)
  A lindwurm (Lair:6)
  2 black mambas (Snake:4)
  A naga mage (Snake:4)
  A blink frog (Lair:6)
8 creatures vanquished.

Vanquished Creatures (others)
  A naga sharpshooter (Snake:4)
  A human (D:12)
  6 fungi
  8 plants
16 creatures vanquished.

Grand Total: 898 creatures vanquished

Notes
Turn   | Place    | Note
-------+----------+-------------------------------------------
     0 | D:1      | Gorglomux the Naga Berserker began the quest for the Orb.
     0 | D:1      | Reached XP level 1. HP: 21/21 MP: 1/1
    14 | D:1      | Reached skill level 1 in Stealth
    89 | D:1      | Reached XP level 2. HP: 23/28 MP: 2/2
   275 | D:1      | Reached skill level 3 in Stealth
   592 | D:1      | Reached XP level 3. HP: 32/34 MP: 3/3
  1115 | D:2      | Reached ** piety under Trog
  1512 | D:2      | Reached XP level 4. HP: 39/42 MP: 4/4
  1525 | D:2      | Reached skill level 6 in Stealth
  2260 | D:3      | Reached XP level 5. HP: 40/49 MP: 5/5
  2490 | D:3      | Reached skill level 1 in Shields
  2519 | D:3      | Reached *** piety under Trog
  3357 | D:3      | Found a sparkling altar of Nemelex Xobeh.
  3532 | D:3      | Noticed a moth of wrath
  3535 | D:3      | Found a bloodstained altar of Trog.
  3551 | D:3      | Reached XP level 6. HP: 57/57 MP: 6/6
  3758 | D:4      | Noticed Robin
  3771 | D:4      | Killed Robin
  3975 | D:4      | Found a staircase to the Ecumenical Temple.
  4037 | D:4      | Noticed Edmund
  4054 | D:4      | Killed Edmund
  4054 | D:4      | Reached XP level 7. HP: 37/66 MP: 7/7
  4223 | D:4      | Reached **** piety under Trog
  4425 | D:4      | Reached skill level 3 in Shields
  4526 | D:4      | Reached skill level 3 in Armour
  5084 | D:5      | Entered Level 5 of the Dungeon
  5099 | D:5      | Reached XP level 8. HP: 67/74 MP: 8/8
  5393 | D:5      | Found an ancient bone altar of Kikubaaqudgha.
  5460 | D:5      | Found a glowing golden altar of the Shining One.
  5836 | D:6      | Reached skill level 6 in Fighting
  5866 | D:6      | Reached skill level 6 in Axes
  5866 | D:6      | Reached XP level 9. HP: 82/82 MP: 9/9
  5942 | D:6      | Found a large runed door.
  5943 | D:6      | Found a large runed door.
  5948 | D:6      | Noticed Anothat's ghost (novice MiFi)
  7112 | D:7      | Found a hazy altar of Hepliaklqana.
  7666 | D:7      | Reached ***** piety under Trog
  8464 | D:8      | Found a flagged portal.
  8587 | D:8      | Found a white marble altar of Elyvilon.
  8697 | D:8      | Received a gift from Trog
  8946 | D:9      | Reached XP level 10. HP: 75/96 MP: 10/10
  9078 | D:9      | Found a shimmering altar of Xom.
  9127 | D:9      | Reached skill level 6 in Armour
  9187 | D:9      | Received a gift from Trog
  9669 | D:9      | Found Hutreagu's Magic Scroll Boutique.
  9674 | D:9      | Found Iwiprah's Food Boutique.
  9674 | D:9      | Found Wieluip's Food Boutique.
  9676 | D:9      | Found Etecouf's Armour Boutique.
  9680 | D:9      | Bought a scroll of enchant armour for 82 gold pieces
  9680 | D:9      | Bought a scroll of blinking for 82 gold pieces
  9680 | D:9      | Bought a scroll of remove curse for 33 gold pieces
  9680 | D:9      | Bought a scroll of identify for 22 gold pieces
  9680 | D:9      | Bought a scroll of identify for 22 gold pieces
 10075 | D:10     | Entered Level 10 of the Dungeon
 10076 | D:10     | Found a staircase to the Lair.
 10087 | D:10     | Reached skill level 9 in Fighting
 10090 | D:10     | Reached skill level 9 in Axes
 10721 | D:10     | Reached XP level 11. HP: 62/106 MP: 11/11
 10967 | D:10     | Identified Heity's Reference Book on Confrontation and Translocation
 11754 | D:11     | Received a gift from Trog
 12977 | D:11     | Noticed Harold
 13012 | D:11     | Killed Harold
 13293 | Lair:1   | Entered Level 1 of the Lair of Beasts
 14790 | Lair:1   | Reached XP level 12. HP: 108/118 MP: 12/12
 14977 | Lair:1   | Noticed an eight-headed hydra
 14993 | Lair:1   | Killed an eight-headed hydra
 14993 | Lair:1   | Reached skill level 1 in Evocations
 15603 | Lair:2   | Found a staircase to the Snake Pit.
 15836 | Lair:2   | Reached skill level 9 in Armour
 15873 | Lair:2   | HP: 5/180 [spiny frog (17)]
 16243 | Lair:2   | Found a staircase to the Swamp.
 16995 | Lair:2   | Reached skill level 3 in Evocations
 18809 | Lair:4   | Noticed a catoblepas
 18829 | Lair:4   | Killed a catoblepas
 18863 | Lair:4   | HP: 4/183 [crocodile (13)]
 19237 | Lair:4   | Noticed a six-headed hydra
 19248 | Lair:4   | Killed a six-headed hydra
 19248 | Lair:4   | Gained mutation: You can use your snake-like lower body to constrict enemies. [Naga growth]
 19248 | Lair:4   | Reached XP level 13. HP: 128/128 MP: 16/16
 19366 | Lair:4   | Reached skill level 12 in Fighting
 19591 | Lair:4   | Reached skill level 12 in Axes
 19601 | Lair:4   | Got a pitted wooden ring
 19603 | Lair:4   | Identified the ring "Usharr" {rElec rC+ EV+2 Int-4 Dex+5} (You found it on level 4 of the Lair of Beasts)
 20561 | Lair:5   | Received a gift from Trog
 21027 | Lair:5   | Found a viscous altar of Jiyva.
 21027 | Lair:5   | Found a staircase to the Slime Pits.
 21275 | Lair:6   | Entered Level 6 of the Lair of Beasts
 21281 | Lair:6   | Reached skill level 6 in Evocations
 21697 | Lair:6   | Identified a scroll of acquirement
 21698 | Lair:6   | Got a bloodstained naga barding
 21704 | Lair:6   | Identified the +0 naga barding of Jigsaw {rElec rCorr} (You acquired it on level 6 of the Lair of Beasts)
 22922 | Lair:6   | Reached XP level 14. HP: 139/139 MP: 6/19
 23975 | D:12     | Found a staircase to the Orcish Mines.
 23980 | D:12     | Noticed Maurice
 23994 | D:12     | Killed Maurice
 24358 | D:12     | Noticed Kirke
 24375 | D:12     | Killed Kirke
 24691 | D:12     | Received a gift from Trog
 25797 | D:13     | Reached skill level 9 in Evocations
 25936 | D:14     | Noticed Josephine
 25952 | D:14     | Killed Josephine
 25975 | D:14     | Reached XP level 15. HP: 150/150 MP: 7/21
 25990 | D:14     | Received a gift from Trog
 26419 | D:14     | Found a gate to the Vaults.
 26506 | D:14     | Found Hoeschafo's Jewellery Emporium.
 26531 | D:14     | Got an ancient lead ring
 26533 | D:14     | Bought the amulet of the Four Winds {rN+ MR+++ Clar} for 570 gold pieces
 26533 | D:14     | Found the amulet of the Four Winds {rN+ MR+++ Clar}
 26536 | D:14     | Identified the ring "Reazetaz" {Ice Dex+3} (You found it on level 14 of the Dungeon)
 26683 | D:14     | Found Usahoweo's Antique Armour Boutique.
 26811 | D:15     | Entered Level 15 of the Dungeon
 27390 | D:15     | Reached skill level 12 in Armour
 27458 | D:15     | Found a staircase to the Depths.
 27611 | D:15     | Found Wyxto's Weapon Shoppe.
 27796 | D:15     | Found a sacrificial altar of Ru.
 27882 | Orc:1    | Entered Level 1 of the Orcish Mines
 28247 | Orc:2    | Entered Level 2 of the Orcish Mines
 28256 | Orc:2    | Found a staircase to the Elven Halls.
 28280 | Orc:2    | Received a gift from Trog
 28303 | Orc:2    | Found a roughly hewn altar of Beogh.
 28914 | Orc:2    | Found Qere's Antique Weapon Emporium.
 28914 | Orc:2    | Found Miemn's Food Shop.
 28922 | Orc:2    | Found Qyesmib's Magic Scroll Boutique.
 28938 | Orc:2    | Found Beennor's General Store.
 28979 | Orc:2    | Bought a scroll of blinking for 97 gold pieces
 28979 | Orc:2    | Bought a scroll of brand weapon for 260 gold pieces
 28979 | Orc:2    | Bought a scroll of teleportation for 39 gold pieces
 28984 | Orc:2    | Bought a scroll of enchant weapon for 127 gold pieces
 28984 | Orc:2    | Bought a scroll of summoning for 161 gold pieces
 28984 | Orc:2    | Bought a scroll of teleportation for 51 gold pieces
 28984 | Orc:2    | Bought a scroll of enchant weapon for 127 gold pieces
 29422 | Snake:1  | Entered Level 1 of the Snake Pit
 29422 | Snake:1  | Found a bloodstained altar of Trog.
 29422 | Snake:1  | Noticed Rupert
 29432 | Snake:1  | Noticed Frances
 29436 | Snake:1  | Reached XP level 16. HP: 160/160 MP: 7/23
 29441 | Snake:1  | Killed Rupert
 29454 | Snake:1  | Killed Frances
 29454 | Snake:1  | Reached skill level 6 in Shields
 29699 | Snake:1  | Received a gift from Trog
 29751 | Snake:1  | Noticed Nikola
 29767 | Snake:1  | Killed Nikola
 30280 | Snake:2  | Found Saschaur's Antique Armour Emporium.
 30425 | Snake:2  | Reached skill level 15 in Fighting
 30440 | Snake:2  | Bought an ancient chain mail for 152 gold pieces
 30440 | Snake:2  | Identified the cursed +0 chain mail of the Seven Runes {SInv} (You bought it in a shop on level 2 of the Snake Pit)
 30560 | Snake:2  | Reached skill level 15 in Axes
 30707 | Snake:2  | Found Litz's Gadget Emporium.
 30709 | Snake:2  | Found Baliapn's Jewellery Shop.
 30710 | Snake:2  | Found Geimeyn's Gadget Emporium.
 32172 | Snake:3  | Noticed Azrael
 32183 | Snake:3  | Received a gift from Trog
 32188 | Snake:3  | Killed Azrael
 32428 | Snake:4  | Entered Level 4 of the Snake Pit
 32431 | Snake:4  | Noticed a nagaraja
 32449 | Snake:4  | Killed a nagaraja
 32597 | Snake:4  | Reached XP level 17. HP: 48/170 MP: 8/24
 33445 | Snake:4  | HP: 7/171 [nagaraja/splash of poison (5)]
 33445 | Snake:4  | Shot with an arrow by a naga sharpshooter

Skill      XL: |  1  2  3  4  5  6  7  8  9 10 11 12 13 14 15 16 17 |
---------------+----------------------------------------------------+-----
Stealth        | 2 4 5 6 |  6.0
Shields        | 1 2 3 4 5 7 8 |  8.0
Fighting       | 4 5 6 7 9 10 11 12 13 14 15 | 15.6
Axes           | 4 5 6 7 9 10 11 12 13 14 15 | 15.6
Armour         | 2 3 4 5 7 8 9 10 11 12 13 | 13.2
Evocations     | 4 7 9 10 | 10.0
Dodging        | |  1.5

Action                   |  1- 3 |  4- 6 |  7- 9 | 10-12 | 13-15 | 16-18 || total
-------------------------+-------+-------+-------+-------+-------+-------++-------
Melee: Hand axe          |    95 |   275 |   428 |  1035 |   101 |       ||  1934
       Unarmed           |       |       |       |    13 |       |       ||    13
       War axe           |       |       |       |       |   898 |   437 ||  1335
       Constrict         |       |       |       |       |   200 |    93 ||   293
       Mace              |       |       |       |       |    35 |       ||    35
Throw: Throwing net      |       |       |       |     1 |       |       ||     1
Invok: Berserk           |     2 |     4 |     7 |    20 |    17 |     7 ||    57
       Trog's Hand       |       |       |       |     7 |     8 |     5 ||    20
       Brothers in Arms  |       |       |       |       |     1 |     2 ||     3
 Abil: Spit Poison       |       |       |       |       |       |     1 ||     1
Evoke: Wand              |       |       |       |     8 |     3 |     2 ||    13
  Use: Scroll            |       |       |     6 |     8 |    11 |     5 ||    30
       Potion            |       |       |       |     2 |     1 |     2 ||     5
 Stab: Sleeping          |     3 |       |       |       |       |       ||     3
       Held in net/web   |       |       |       |     1 |       |       ||     1
       Petrified         |       |       |       |       |     4 |       ||     4
  Eat: Chunk             |     3 |    10 |    18 |    32 |    46 |     4 ||   113
       Ration            |       |       |       |     5 |     2 |     4 ||    11
Armor: Animal skin       |    32 |     5 |       |       |       |       ||    37
       Plate armour      |       |   171 |   267 |   632 |   792 |   236 ||  2098
       Skin              |       |       |       |    22 |       |       ||    22
Dodge: Dodged            |    65 |    60 |   100 |   234 |   272 |    69 ||   800
Block: Buckler           |       |    33 |    82 |   234 |   162 |       ||   511
       Shield            |       |       |       |       |   235 |   251 ||   486
